[Event "34rd NATO Championship 2024"]
[Site "Rhodes"]
[Date "2024.10.23"]
[Round "4.36"]
[White "Brusokas, Eduardas"]
[Black "Korge, Kersti"]
[Result "1-0"]
[ECO "B76"]
[WhiteElo "1932"]
[BlackElo "1854"]
[Annotator "RC"]
[PlyCount "107"]
[EventDate "2024.09.18"]
[EventType "swiss"]
[EventCountry "GRE"]
[SourceTitle "playchess.com"]
[Source "ChessBase"]
[SourceQuality "1"]
[TimeControl "5400+30"]

1. e4 c5 2. Nf3 d6 3. d4 cxd4 4. Nxd4 Nf6 5. Nc3 g6 6. Be3 Bg7 7. f3 O-O 8. Be2 Nc6 9. Qd2 Nxd4 10. Bxd4 Qa5 11. h4 h5 12. O-O Be6 13. Rfd1 Rfe8 14. Nb5 Qxd2 15. Rxd2 Rec8 16. c3 a6 17. Na3 Nd7 18. Bxg7 Kxg7 19. Nc2 Ne5 20. Ne3 Nc4 21. Bxc4 Bxc4 22. Nd5 Bxd5 23. exd5 Rc4 24. Re1 Kf6 25. g3 Rac8 26. Kf2 b5 27. Rde2 R8c7 28. Re4 a5 29. a3 R4c5 30. Rf4+ Kg7 31. Rfe4 Rxd5 32. Rxe7 Rxe7 33. Rxe7 Rd2+ 34. Re2 Rxe2+ 35. Kxe2 Kf6 36. a4 bxa4 37. Kd3 Ke5 38. Kc4 d5+ 39. Kb5 a3 40. bxa3 d4 41. cxd4+ Kxd4 42. Kxa5 Ke3 43. Kb4 Kxf3 44. a4 Kxg3 45. a5 f5 46. a6 f4 47. a7 Kxh4 48. a8=Q g5 49. Qh1+ Kg4 50. Qg2+ Kf5 51. Qh3+ Kg6 52. Qe6+ Kg7 53. Qf5 Kh6 54. Qf6+ 1-0

[Event "34rd NATO Championship 2024"]
[Site "Rhodes"]
[Date "2024.10.23"]
[Round "4.38"]
[White "Spatrisano, Diego"]
[Black "Van de Walle, Rob"]
[Result "0-1"]
[ECO "D02"]
[WhiteElo "1829"]
[BlackElo "1900"]
[Annotator "RC"]
[PlyCount "76"]
[EventDate "2024.09.18"]
[EventType "swiss"]
[EventCountry "GRE"]
[SourceTitle "playchess.com"]
[Source "ChessBase"]
[SourceQuality "1"]
[TimeControl "5400+30"]

1. Nf3 d5 2. g3 Nf6 3. Bg2 Nc6 4. d4 Bf5 5. O-O e6 6. a3 Be7 7. Nc3 O-O 8. Bf4 h6 9. Ne5 Qc8 10. Nb5 Ne8 11. g4 Bh7 12. e3 f6 13. Nd3 a6 14. Nc3 Bd6 15. h3 Bxf4 16. Nxf4 Ne7 17. Nce2 g5 18. Nd3 Nd6 19. Qc1 b6 20. f4 Be4 21. Ng3 Bxg2 22. Kxg2 Ne4 23. c4 c5 24. cxd5 exd5 25. dxc5 Nxc5 26. Nxc5 bxc5 27. Qc2 Rb8 28. Rad1 Qb7 29. Qxc5 d4+ 30. e4 Rfc8 31. Qxd4 Rc2+ 32. Kh1 Qxb2 33. Qg1 Qxa3 34. Ra1 Qd3 35. Qa7 Nc6 36. Qg1 Rbb2 37. Rad1 Qb3 38. f5 Qa2 0-1

[Event "34rd NATO Championship 2024"]
[Site "Rhodes"]
[Date "2024.10.23"]
[Round "4.39"]
[White "Voroblievas, Arturas"]
[Black "Kruit, Erik"]
[Result "0-1"]
[ECO "B32"]
[WhiteElo "1819"]
[BlackElo "1899"]
[Annotator "NA RC"]
[PlyCount "60"]
[EventDate "2024.09.18"]
[EventType "swiss"]
[EventCountry "GRE"]
[SourceTitle "playchess.com"]
[Source "ChessBase"]
[SourceQuality "1"]
[TimeControl "5400+30"]

1. e4 c5 2. Nf3 Nc6 3. d4 cxd4 4. Nxd4 e5 5. Nb5 a6 6. Nd6+ Bxd6 7. Qxd6 Qf6 8. Qd1 Qg6 9. Nc3 Nge7 10. Be3 d5 11. exd5 Nb4 12. Rc1 Bf5 13. d6 Rd8 14. Bc5 Nxc2+ 15. Rxc2 Bxc2 16. Qf3 e4 17. Qh3 Nf5 18. Nd5 Nxd6 19. Nc7+ Kf8 20. Qa3 h5 21. Nd5 Rh6 22. Be3 Qg4 23. Be2 Qxg2 24. Rf1 Rh8 25. Bf4 Qg6 26. Qc3 Qe6 27. Qc7 Rd7 28. Qb8+ Ne8 29. Nc7 Qe7 30. Nxe8 Qb4+ 0-1

[Event "34rd NATO Championship 2024"]
[Site "Rhodes"]
[Date "2024.10.23"]
[Round "4.40"]
[White "Farrell, John"]
[Black "Bouchard, Pier-Alex"]
[Result "1-0"]
[ECO "E72"]
[WhiteElo "1898"]
[BlackElo "1818"]
[Annotator "NA RC"]
[PlyCount "49"]
[EventDate "2024.09.18"]
[EventType "swiss"]
[EventCountry "GRE"]
[SourceTitle "playchess.com"]
[Source "ChessBase"]
[SourceQuality "1"]
[TimeControl "5400+30"]

1. c4 Nf6 2. g3 g6 3. Bg2 Bg7 4. Nc3 c6 5. e4 e5 6. Nge2 d6 7. O-O O-O 8. d4 Bg4 9. h3 Bd7 10. d5 cxd5 11. cxd5 Na6 12. Be3 h6 13. Qb3 b6 14. Qa3 Nc7 15. Qxd6 Nh7 16. Qa3 Nb5 17. Nxb5 Bxb5 18. Rfe1 f5 19. f4 exf4 20. Nxf4 Qf6 21. Ne6 Rf7 22. Bd4 Qxd4+ 23. Nxd4 Bxd4+ 24. Kh1 fxe4 25. Qb4 1-0

[Event "34rd NATO Championship 2024"]
[Site "Rhodes"]
[Date "2024.10.23"]
[Round "4.41"]
[White "Skaburskis, Martynas"]
[Black "Anghel, Iulian-Mihai"]
[Result "1/2-1/2"]
[ECO "A47"]
[WhiteElo "1893"]
[BlackElo "2164"]
[Annotator "RC"]
[PlyCount "72"]
[EventDate "2024.09.18"]
[EventType "swiss"]
[EventCountry "GRE"]
[SourceTitle "playchess.com"]
[Source "ChessBase"]
[SourceQuality "1"]
[TimeControl "5400+30"]

1. d4 Nf6 2. Bf4 e6 3. e3 b6 4. Nf3 Bb7 5. Nbd2 h6 6. Bg3 Be7 7. c3 O-O 8. Bd3 Nh5 9. O-O f5 10. Ne5 Nxg3 11. hxg3 Qe8 12. Be2 d6 13. Bh5 Qd8 14. Bf3 c6 15. Ng6 Rf6 16. Nf4 Nd7 17. Qb3 d5 18. Be2 g5 19. Nh5 Rf8 20. Qc2 Nf6 21. Nxf6+ Rxf6 22. Nf3 g4 23. Ne5 h5 24. f3 Bd6 25. fxg4 hxg4 26. Kf2 Rh6 27. Rh1 Qg5 28. Rxh6 Qxh6 29. Qd1 Bxe5 30. dxe5 c5 31. Qh1 Qxh1 32. Rxh1 Kg7 33. Bb5 Rd8 34. Rd1 Kf7 35. Rh1 Kg7 36. Rd1 Kf7 1/2-1/2

[Event "34rd NATO Championship 2024"]
[Site "Rhodes"]
[Date "2024.10.23"]
[Round "4.42"]
[White "Sherpa, Ngadi"]
[Black "Ulusoy, Mustafa"]
[Result "1/2-1/2"]
[ECO "B12"]
[WhiteElo "1882"]
[BlackElo "1785"]
[Annotator "NA RC"]
[PlyCount "30"]
[EventDate "2024.09.18"]
[EventType "swiss"]
[EventCountry "GRE"]
[SourceTitle "playchess.com"]
[Source "ChessBase"]
[SourceQuality "1"]
[TimeControl "5400+30"]

1. e4 c6 2. d4 d5 3. e5 Bf5 4. h4 h6 5. g4 Bh7 6. Bd3 Bxd3 7. Qxd3 e6 8. g5 hxg5 9. Bxg5 Be7 10. f4 Bxg5 11. fxg5 Ne7 12. Nf3 g6 13. Nbd2 Nd7 14. Qb3 Qb6 15. O-O-O Nf5 1/2-1/2

[Event "34rd NATO Championship 2024"]
[Site "Rhodes"]
[Date "2024.10.23"]
[Round "4.43"]
[White "Coulon, Dominic"]
[Black "Steffers, Hendrik"]
[Result "1-0"]
[ECO "D05"]
[WhiteElo "1813"]
[BlackElo "1882"]
[Annotator "NA RC"]
[PlyCount "83"]
[EventDate "2024.09.18"]
[EventType "swiss"]
[EventCountry "GRE"]
[SourceTitle "playchess.com"]
[Source "ChessBase"]
[SourceQuality "1"]
[TimeControl "5400+30"]

1. d4 d5 2. Nf3 Nf6 3. e3 e6 4. Bd3 c5 5. b3 Nc6 6. O-O cxd4 7. exd4 Bd6 8. Bb2 Bd7 9. a3 O-O 10. Nbd2 Ne7 11. Ne5 Bc6 12. f4 Nf5 13. Qe2 h5 14. Rae1 Qe7 15. a4 Rac8 16. Nxc6 Rxc6 17. c4 Qc7 18. g3 Nh6 19. c5 Be7 20. Bb5 h4 21. Bxc6 bxc6 22. Nf3 hxg3 23. hxg3 Ne4 24. Qh2 Qb7 25. Ne5 Bf6 26. Rf3 Bxe5 27. fxe5 Qb4 28. Re2 Nf5 29. Rd3 Nh6 30. Qh3 Ng5 31. Qh4 Ne4 32. g4 Qb8 33. Bc1 Qd8 34. Qh5 Kh7 35. g5 Rg8 36. Kh2 Qf8 37. gxh6 g6 38. Qg4 f5 39. exf6 Qxf6 40. Rf3 Qxd4 41. Rf7+ Kh8 42. Bb2 1-0

[Event "34rd NATO Championship 2024"]
[Site "Rhodes"]
[Date "2024.10.23"]
[Round "4.44"]
[White "Middaugh, Jon S"]
[Black "Cavinato, Ermes"]
[Result "1-0"]
[ECO "D06"]
[WhiteElo "1877"]
[BlackElo "1630"]
[Annotator "NA RC"]
[PlyCount "106"]
[EventDate "2024.09.18"]
[EventType "swiss"]
[EventCountry "GRE"]
[SourceTitle "playchess.com"]
[Source "ChessBase"]
[SourceQuality "1"]
[TimeControl "5400+30"]

1. d4 d5 2. c4 Nf6 3. cxd5 Nxd5 4. e4 Nb6 5. Nc3 a6 6. h3 {[%emt 0:05:45] D06: Queen's Gambit: Symmetrical and Baltic Defences.} e6 7. Be3 Bb4 8. Nf3 h6 9. Bd3 Bd7 10. O-O Bxc3 11. bxc3 Ba4 12. Qe2 N8d7 13. c4 Nf6 14. e5 Nh7 15. Rac1 Bc6 16. Kh2 Ng5 17. Nd2 Qe7 18. f4 Nh7 19. Ne4 Rb8 20. Nc5 Nd7 21. Nb3 Nb6 22. Qg4 g5 23. Bxh7 Rxh7 24. Qh5 Qf8 25. fxg5 Rg7 26. Qxh6 Qg8 27. Qh5 Rh7 28. Qg4 Qg7 29. Nc5 Ke7 30. Qf4 Rbh8 31. Qf6+ Qxf6 32. gxf6+ Ke8 33. Bf4 Rg8 34. g3 Rh5 35. h4 Nd7 36. Nxd7 Kxd7 37. Rfd1 Bf3 38. Rd2 c6 39. Rc3 Be4 40. Re3 Bf5 41. Rb3 Kc7 42. Rdb2 Rb8 43. d5 cxd5 44. cxd5 b5 45. a4 Kd7 46. axb5 axb5 47. d6 Rhh8 48. Rxb5 Rxb5 49. Rxb5 Rc8 50. Rb7+ Rc7 51. Rxc7+ Ke8 52. Rb7 Kd8 53. Ra7 Ke8 1-0

[Event "34rd NATO Championship 2024"]
[Site "Rhodes"]
[Date "2024.10.23"]
[Round "4.45"]
[White "Stuhr, Finn"]
[Black "Steen, Kris"]
[Result "1/2-1/2"]
[ECO "C02"]
[WhiteElo "1790"]
[BlackElo "1876"]
[Annotator "NA RC"]
[PlyCount "93"]
[EventDate "2024.09.18"]
[EventType "swiss"]
[EventCountry "GRE"]
[SourceTitle "playchess.com"]
[Source "ChessBase"]
[SourceQuality "1"]
[TimeControl "5400+30"]

1. e4 e6 2. d4 d5 3. e5 c5 4. c3 Nc6 5. Nf3 Nge7 6. Bd3 cxd4 7. cxd4 Nf5 8. Bxf5 exf5 9. O-O Be7 10. Nc3 Be6 11. Be3 g5 12. Qb3 Rb8 13. Qa4 f4 14. Bd2 O-O 15. Ne1 Qb6 16. Nc2 Rbd8 17. Qb5 Qxb5 18. Nxb5 Rc8 19. a3 a6 20. Nc3 Rfd8 21. Ne2 Nxe5 22. Ne1 Nc6 23. g3 Bh3 24. gxf4 Bxf1 25. Kxf1 g4 26. Ng2 Bf6 27. Bc3 Kg7 28. Rd1 Na7 29. Ne3 h5 30. a4 Nc6 31. Kg2 Ne7 32. f3 gxf3+ 33. Kxf3 Kh6 34. Rd2 Kg6 35. Bb4 Nf5 36. Nf1 Rc4 37. Ba5 Rd7 38. b3 Rc6 39. Nfg3 Nxg3 40. hxg3 Bd8 41. Bc3 Rdc7 42. Rd3 Re6 43. Ng1 f5 44. Bb4 h4 45. g4 Rc1 46. Nh3 fxg4+ 47. Kxg4 1/2-1/2

[Event "34rd NATO Championship 2024"]
[Site "Rhodes"]
[Date "2024.10.23"]
[Round "4.46"]
[White "Bublys, Vaidotas"]
[Black "Papler, Peter"]
[Result "0-1"]
[ECO "B07"]
[WhiteElo "1872"]
[BlackElo "1780"]
[Annotator "NA RC"]
[PlyCount "46"]
[EventDate "2024.09.18"]
[EventType "swiss"]
[EventCountry "GRE"]
[SourceTitle "playchess.com"]
[Source "ChessBase"]
[SourceQuality "1"]
[TimeControl "5400+30"]

1. e4 d6 2. d4 Nf6 3. f3 Nbd7 4. Nc3 c6 5. Bc4 Qc7 6. Nge2 e5 7. Be3 Be7 8. Qd2 Nf8 9. Ng3 Be6 10. Bb3 Ng6 11. Nf5 O-O 12. O-O-O b5 13. d5 Bd7 14. Nxe7+ Nxe7 15. dxc6 Bxc6 16. Qxd6 Qxd6 17. Rxd6 a5 18. a4 b4 19. Nb5 Bxb5 20. axb5 a4 21. Bc4 Rfc8 22. b3 axb3 23. Bxb3 Ra1+ 0-1

[Event "34rd NATO Championship 2024"]
[Site "Rhodes"]
[Date "2024.10.23"]
[Round "4.47"]
[White "Woolf, Ben"]
[Black "Simard, Francois"]
[Result "1-0"]
[ECO "C29"]
[WhiteElo "1747"]
[BlackElo "1868"]
[Annotator "NA RC"]
[PlyCount "39"]
[EventDate "2024.09.18"]
[EventType "swiss"]
[EventCountry "GRE"]
[SourceTitle "playchess.com"]
[Source "ChessBase"]
[SourceQuality "1"]
[TimeControl "5400+30"]

1. e4 e5 2. Nc3 Nf6 3. f4 Nc6 4. fxe5 Nxe5 5. d4 Nc6 6. e5 Ng8 7. Nf3 d5 8. Bd3 Bg4 9. Be3 Bb4 10. O-O f6 11. h3 Bh5 12. g4 Bf7 13. Bb5 Bxc3 14. bxc3 Be6 15. Bxc6+ bxc6 16. Qe2 f5 17. Ng5 Bc8 18. e6 Nh6 19. gxf5 O-O 20. Qh5 1-0

[Event "34rd NATO Championship 2024"]
[Site "Rhodes"]
[Date "2024.10.23"]
[Round "4.48"]
[White "Smit, Jan"]
[Black "O`Byrne, Daniel"]
[Result "1/2-1/2"]
[ECO "A04"]
[WhiteElo "1866"]
[BlackElo "1748"]
[Annotator "NA RC"]
[PlyCount "36"]
[EventDate "2024.09.18"]
[EventType "swiss"]
[EventCountry "GRE"]
[SourceTitle "playchess.com"]
[Source "ChessBase"]
[SourceQuality "1"]
[TimeControl "5400+30"]

1. Nf3 c5 2. c3 Nc6 3. d4 cxd4 4. Nxd4 Nxd4 5. Qxd4 d6 6. Bg5 Bd7 7. Nd2 Qa5 8. Bh4 Rc8 9. Nb3 Qh5 10. e3 a6 11. Be2 Qg6 12. O-O Bc6 13. Qg4 e6 14. Rad1 Nf6 15. Qg3 Qxg3 16. Bxg3 Ne4 17. Bf3 Nxg3 18. Bxc6+ Rxc6 1/2-1/2

[Event "34rd NATO Championship 2024"]
[Site "Rhodes"]
[Date "2024.10.24"]
[Round "5.1"]
[White "Alexakis, Dimitris"]
[Black "Reizniece-Ozola, Dana"]
[Result "1-0"]
[ECO "B55"]
[WhiteElo "2504"]
[BlackElo "2255"]
[Annotator "RC"]
[PlyCount "93"]
[EventDate "2024.09.18"]
[EventType "swiss"]
[EventCountry "GRE"]
[SourceTitle "playchess.com"]
[Source "ChessBase"]
[SourceQuality "1"]
[TimeControl "5400+30"]

1. e4 c5 2. Nf3 d6 3. d4 cxd4 4. Nxd4 Nf6 5. f3 e5 6. Nb3 Be6 7. c4 a5 8. Be3 Be7 9. Nc3 Nc6 10. Nd5 Nd7 11. Nxe7 Qxe7 12. Be2 O-O 13. O-O a4 14. Nd2 Nc5 15. Nb1 Na5 16. Na3 b6 17. Qd2 h6 18. Rfd1 Rfd8 19. Qb4 Rab8 20. Nb5 f5 21. exf5 Bxf5 22. Rd2 Nc6 23. Qc3 Na7 24. Na3 Kh8 25. b4 axb3 26. axb3 Ne6 27. Rad1 Qc7 28. Qb2 Bg6 29. Bf1 Be8 30. Rc1 Qf7 31. b4 b5 32. Rcd1 Qc7 33. Qa2 bxc4 34. Qxc4 Qe7 35. Qc3 Nf4 36. Re1 Qb7 37. Bxf4 exf4 38. Rd4 Rdc8 39. Qd2 Nc6 40. Rxf4 Nxb4 41. Nc4 d5 42. Ne5 Qb6+ 43. Kh1 Rc2 44. Rf8+ Kh7 45. Bd3+ Nxd3 46. Qxd3+ Bg6 47. Nxg6 1-0

[Event "34rd NATO Championship 2024"]
[Site "Rhodes"]
[Date "2024.10.24"]
[Round "5.2"]
[White "Pedersen, Finn"]
[Black "Rahmanidis, Petros"]
[Result "0-1"]
[ECO "A48"]
[WhiteElo "2282"]
[BlackElo "2219"]
[Annotator "RC"]
[PlyCount "86"]
[EventDate "2024.09.18"]
[EventType "swiss"]
[EventCountry "GRE"]
[SourceTitle "playchess.com"]
[Source "ChessBase"]
[SourceQuality "1"]
[TimeControl "5400+30"]

1. Nf3 Nf6 2. d4 g6 3. Bf4 Bg7 4. e3 O-O 5. Nbd2 d6 6. h3 Nfd7 7. c3 e5 8. dxe5 dxe5 9. Bg5 Qe8 10. e4 h6 11. Be3 f5 12. Nb3 f4 13. Bc5 Nxc5 14. Nxc5 Kh8 15. Bc4 Qe7 16. Nd3 a5 17. Qe2 Nd7 18. a3 Nb6 19. Ba2 Bd7 20. O-O-O Ba4 21. Rd2 Rad8 22. Kb1 Bb5 23. Ndxe5 Bxe2 24. Nxg6+ Kh7 25. Nxe7 Bxf3 26. Rxd8 Bxe4+ 27. Ka1 Rxd8 28. Re1 Bc2 29. Rc1 Bf6 30. Ng8 Bg5 31. h4 Bxh4 32. g3 fxg3 33. fxg3 Bg5 34. Rxc2 Rd1+ 35. Bb1 Kxg8 36. Rf2 Kg7 37. Ka2 Rd2 38. Rf3 Nc4 39. Be4 Rxb2+ 40. Ka1 Rb3 41. Rd3 Rxa3+ 42. Kb1 Nd2+ 43. Kb2 Rb3+ 0-1

[Event "34rd NATO Championship 2024"]
[Site "Rhodes"]
[Date "2024.10.24"]
[Round "5.3"]
[White "Michalowski, Patryk"]
[Black "Stein, Robert"]
[Result "0-1"]
[ECO "C54"]
[WhiteElo "2054"]
[BlackElo "2409"]
[Annotator "RC"]
[PlyCount "114"]
[EventDate "2024.09.18"]
[EventType "swiss"]
[EventCountry "GRE"]
[SourceTitle "playchess.com"]
[Source "ChessBase"]
[SourceQuality "1"]
[TimeControl "5400+30"]

1. e4 e5 2. Nf3 Nc6 3. Bc4 Bc5 4. c3 Nf6 5. d3 d6 6. O-O a5 7. Re1 O-O 8. h3 Ba7 9. Nbd2 Be6 10. Bxe6 fxe6 11. Nf1 Nh5 12. Be3 Nf4 13. Bxa7 Rxa7 14. Re3 a4 15. N1h2 b5 16. d4 exd4 17. cxd4 Na5 18. b3 c5 19. bxa4 b4 20. dxc5 dxc5 21. Qc2 c4 22. Rd1 Rd7 23. Rxd7 Qxd7 24. Ne5 Qc7 25. Nhf3 Rc8 26. g3 Nxh3+ 27. Kg2 Ng5 28. Nxg5 Qxe5 29. f4 Qd4 30. e5 g6 31. Kf3 Rd8 32. Ne4 Qd1+ 33. Qe2 c3 34. Nxc3 bxc3 35. Qxd1 Rxd1 36. Rxc3 Rd4 37. Rc8+ Kg7 38. Rc7+ Kh6 39. Re7 Rxa4 40. Rxe6 Rxa2 41. f5 Nb3 42. Rd6 Nd2+ 43. Kg4 Ra4+ 44. Kh3 Ne4 45. Rb6 Ng5+ 46. Kg2 Re4 47. fxg6 hxg6 48. Rb2 Rxe5 49. Ra2 Rc5 50. Rb2 Rc3 51. Rb4 Rc2+ 52. Kf1 Kg7 53. Rb7+ Kf6 54. Rb6+ Ne6 55. Rb5 g5 56. Ra5 Nc5 57. Ra3 Kf5 0-1

[Event "34rd NATO Championship 2024"]
[Site "Rhodes"]
[Date "2024.10.24"]
[Round "5.4"]
[White "Papasimakopoulos, Alexandros"]
[Black "Jeselson, Andrew"]
[Result "1-0"]
[ECO "A10"]
[WhiteElo "2372"]
[BlackElo "1858"]
[Annotator "RC"]
[PlyCount "77"]
[EventDate "2024.09.18"]
[EventType "swiss"]
[EventCountry "GRE"]
[SourceTitle "playchess.com"]
[Source "ChessBase"]
[SourceQuality "1"]
[TimeControl "5400+30"]

1. Nf3 f5 2. c4 Nf6 3. Nc3 g6 4. b4 Bg7 5. Bb2 O-O 6. Qb3 d6 7. d4 e6 8. e3 Qe7 9. a4 Nc6 10. a5 Nd8 11. c5 Nf7 12. cxd6 cxd6 13. b5 Ne4 14. Nxe4 fxe4 15. Nd2 d5 16. Be2 Qg5 17. O-O e5 18. Qxd5 Bh3 19. Qxe4 exd4 20. f4 Qc5 21. Bxd4 Bxd4 22. Qxd4 Qxd4 23. exd4 Be6 24. Bf3 Rad8 25. Rfe1 Bd5 26. Re7 Bxf3 27. Nxf3 Nd6 28. a6 bxa6 29. bxa6 Rf7 30. Rxf7 Kxf7 31. Rc1 Ne8 32. Rb1 Nd6 33. d5 Kf6 34. Re1 Nf7 35. Re6+ Kf5 36. Nd4+ Kg4 37. h3+ Kh5 38. Re7 Nh6 39. Re5+ 1-0

[Event "34rd NATO Championship 2024"]
[Site "Rhodes"]
[Date "2024.10.24"]
[Round "5.5"]
[White "Nielsen, Jan Mose"]
[Black "Aizpurua, Patrick Emilio"]
[Result "0-1"]
[ECO "D24"]
[WhiteElo "2036"]
[BlackElo "2322"]
[Annotator "RC"]
[PlyCount "34"]
[EventDate "2024.09.18"]
[EventType "swiss"]
[EventCountry "GRE"]
[SourceTitle "playchess.com"]
[Source "ChessBase"]
[SourceQuality "1"]
[TimeControl "5400+30"]

1. d4 Nf6 2. c4 e6 3. Nc3 d5 4. Nf3 dxc4 5. e4 b5 6. Nxb5 Nxe4 7. Nc3 Nd6 8. Bf4 Ba6 9. d5 Be7 10. dxe6 O-O 11. exf7+ Rxf7 12. Be2 Nd7 13. Be3 Nf5 14. Qd5 Nxe3 15. fxe3 Nb6 16. Qe4 Qe8 17. Ne5 Bf6 0-1

[Event "34rd NATO Championship 2024"]
[Site "Rhodes"]
[Date "2024.10.24"]
[Round "5.6"]
[White "Pavlidis, Anastasios"]
[Black "Hadzicki, Tomasz"]
[Result "1-0"]
[ECO "C42"]
[WhiteElo "2279"]
[BlackElo "2034"]
[Annotator "RC"]
[PlyCount "65"]
[EventDate "2024.09.18"]
[EventType "swiss"]
[EventCountry "GRE"]
[SourceTitle "playchess.com"]
[Source "ChessBase"]
[SourceQuality "1"]
[TimeControl "5400+30"]

1. e4 e5 2. Nf3 Nf6 3. Nxe5 Qe7 4. Nf3 Nxe4 5. Be2 Qd8 6. O-O Be7 7. d4 d5 8. c4 dxc4 9. Bxc4 O-O 10. Nc3 Nd6 11. Bb3 Bg4 12. h3 Bh5 13. g4 Bg6 14. Ne5 Be4 15. Nxe4 Nxe4 16. Nxf7 Rxf7 17. Bxf7+ Kxf7 18. Qb3+ Ke8 19. Qxb7 c6 20. Qxa8 Qc7 21. Re1 Nxf2 22. Kxf2 Qh2+ 23. Kf3 Qxh3+ 24. Ke2 Qxg4+ 25. Kd3 Qf5+ 26. Kc3 Qa5+ 27. Kc2 Qf5+ 28. Kd1 Qf3+ 29. Re2 Qf1+ 30. Kd2 Qf4+ 31. Kc3 Qc7 32. Re5 Qb6 33. Bg5 1-0

[Event "34rd NATO Championship 2024"]
[Site "Rhodes"]
[Date "2024.10.24"]
[Round "5.7"]
[White "Andersen, Hans-Christoph"]
[Black "Loving, Jason"]
[Result "1-0"]
[ECO "A52"]
[WhiteElo "2229"]
[BlackElo "2021"]
[Annotator "RC"]
[PlyCount "81"]
[EventDate "2024.09.18"]
[EventType "swiss"]
[EventCountry "GRE"]
[SourceTitle "playchess.com"]
[Source "ChessBase"]
[SourceQuality "1"]
[TimeControl "5400+30"]

1. d4 Nf6 2. c4 e5 3. dxe5 Ng4 4. Bf4 Nc6 5. Nf3 Bb4+ 6. Nbd2 Qe7 7. e3 Ngxe5 8. Nxe5 Nxe5 9. Be2 d6 10. O-O O-O 11. Nb3 Ng6 12. Bg3 Be6 13. Qc2 a5 14. a3 Bc5 15. Nxc5 dxc5 16. Bf3 Rab8 17. Rfd1 f5 18. Rd2 Kh8 19. Qa4 f4 20. exf4 Nxf4 21. Re1 Qg5 22. Qxa5 Bxc4 23. h4 Qh6 24. Rd7 Ne6 25. Qc3 Ba2 26. Bg4 Nd4 27. Qxc5 Nc6 28. Rxc7 Qd2 29. Re2 Qd1+ 30. Kh2 Be6 31. Rxe6 Qxg4 32. Rd6 Rf5 33. Qc3 Rg8 34. Rxb7 Ne5 35. Qd4 Qe2 36. Bxe5 Rxe5 37. Rd8 h5 38. Rxg8+ Kxg8 39. f4 Re7 40. Qd8+ Re8 41. Qg5 1-0

[Event "34rd NATO Championship 2024"]
[Site "Rhodes"]
[Date "2024.10.24"]
[Round "5.8"]
[White "Pietruszewski, Marcin"]
[Black "Pazeriene, Diana"]
[Result "1-0"]
[ECO "B12"]
[WhiteElo "2174"]
[BlackElo "1993"]
[Annotator "RC"]
[PlyCount "45"]
[EventDate "2024.09.18"]
[EventType "swiss"]
[EventCountry "GRE"]
[SourceTitle "playchess.com"]
[Source "ChessBase"]
[SourceQuality "1"]
[TimeControl "5400+30"]

1. e4 c6 2. d4 d5 3. e5 Bf5 4. Nf3 e6 5. Be2 Nd7 6. O-O c5 7. Be3 Ne7 8. c4 Be4 9. Nc3 cxd4 10. Nxd4 Nxe5 11. cxd5 Bxd5 12. Nxd5 Nxd5 13. Bb5+ Nd7 14. Qg4 a6 15. Nxe6 Nxe3 16. fxe3 Qe7 17. Nc7+ Kd8 18. Nxa8 axb5 19. Rad1 h5 20. Qg3 Qe6 21. Qc7+ Ke8 22. Qc8+ Ke7 23. Nc7 1-0

[Event "34rd NATO Championship 2024"]
[Site "Rhodes"]
[Date "2024.10.24"]
[Round "5.9"]
[White "Pavlidou, Ekaterini"]
[Black "Kedzierski, Slawomir"]
[Result "1-0"]
[ECO "E26"]
[WhiteElo "2153"]
[BlackElo "2013"]
[Annotator "RC"]
[PlyCount "51"]
[EventDate "2024.09.18"]
[EventType "swiss"]
[EventCountry "GRE"]
[SourceTitle "playchess.com"]
[Source "ChessBase"]
[SourceQuality "1"]
[TimeControl "5400+30"]

1. d4 Nf6 2. c4 e6 3. Nc3 Bb4 4. a3 Bxc3+ 5. bxc3 c5 6. e3 Nc6 7. Bd3 d6 8. f3 e5 9. Ne2 b6 10. O-O O-O 11. e4 h6 12. d5 Na5 13. Ng3 Ba6 14. Nf5 Kh7 15. g4 Bxc4 16. Bxc4 Nxc4 17. Qa4 Na5 18. c4 Ng8 19. Ra2 Ne7 20. Rg2 Ng6 21. g5 hxg5 22. Bxg5 f6 23. Bd2 Nb7 24. f4 Rf7 25. Qd1 Nxf4 26. Rxf4 1-0

[Event "34rd NATO Championship 2024"]
[Site "Rhodes"]
[Date "2024.10.24"]
[Round "5.10"]
[White "Skwarczynski, Marcin"]
[Black "Circenis, Kaspars"]
[Result "0-1"]
[ECO "C26"]
[WhiteElo "1940"]
[BlackElo "2120"]
[Annotator "RC"]
[PlyCount "60"]
[EventDate "2024.09.18"]
[EventType "swiss"]
[EventCountry "GRE"]
[SourceTitle "playchess.com"]
[Source "ChessBase"]
[SourceQuality "1"]
[TimeControl "5400+30"]

1. e4 e5 2. Nc3 Nf6 3. d4 Bb4 4. Bg5 Qe7 5. f3 d5 6. Qd2 exd4 7. Qxd4 c5 8. Bxf6 cxd4 9. Bxe7 Kxe7 10. a3 dxc3 11. axb4 cxb2 12. Rb1 dxe4 13. fxe4 a5 14. Nf3 axb4 15. Bc4 Be6 16. Bxe6 Kxe6 17. O-O f6 18. Rxb2 Nc6 19. c3 bxc3 20. Rxb7 Rab8 21. Rxb8 Rxb8 22. Rc1 Rb3 23. Kf2 Kd6 24. Ke3 Kc5 25. Ne1 Kc4 26. Nc2 Rb2 27. Ne1 Nb4 28. h4 h5 29. Rd1 Kb3 30. g4 Nc2+ 0-1

[Event "34rd NATO Championship 2024"]
[Site "Rhodes"]
[Date "2024.10.24"]
[Round "5.11"]
[White "Tommasini, Enzo"]
[Black "Tetepoulidis, Ioannis"]
[Result "1/2-1/2"]
[ECO "A05"]
[WhiteElo "2026"]
[BlackElo "2100"]
[Annotator "RC"]
[PlyCount "154"]
[EventDate "2024.09.18"]
[EventType "swiss"]
[EventCountry "GRE"]
[SourceTitle "playchess.com"]
[Source "ChessBase"]
[SourceQuality "1"]
[TimeControl "5400+30"]

1. Nf3 Nf6 2. g3 g6 3. b3 Bg7 4. Bb2 b5 5. Bg2 Bb7 6. c4 bxc4 7. bxc4 O-O 8. Qb3 Qc8 9. Nc3 d6 10. O-O Nbd7 11. Rab1 Nc5 12. Qc2 Rb8 13. d4 Nce4 14. Nh4 Nxc3 15. Bxc3 Bxg2 16. Nxg2 Qa6 17. Bd2 Nd7 18. Be3 c6 19. Rb3 Nb6 20. Rfb1 Rbc8 21. Rb4 c5 22. dxc5 dxc5 23. Rb5 Qa4 24. Qb3 Qxb3 25. axb3 Bd4 26. Ra5 Rb8 27. Rc1 Rb7 28. Bxd4 cxd4 29. Rb5 Rfb8 30. Nf4 Nd7 31. Rxb7 Rxb7 32. c5 Rxb3 33. Nd5 d3 34. exd3 Rxd3 35. Nxe7+ Kf8 36. Nc8 Nb8 37. Nxa7 Rd7 38. Nb5 Rb7 39. Nd6 Rc7 40. Nb5 Rb7 41. Nd4 Rc7 42. c6 Ke7 43. f4 Kd8 44. Kf2 Ra7 45. Nb5 Ra2+ 46. Kf3 Nxc6 47. Rxc6 Rxh2 48. Nd4 Ke7 49. Rc7+ Kf6 50. Ne2 Kg7 51. Rb7 h6 52. Nc3 Rd2 53. Ne4 Rd3+ 54. Kf2 Rd5 55. g4 Kf8 56. Ke3 Kg7 57. Re7 Kf8 58. Re8+ Kg7 59. Rg8+ Kxg8 60. Nf6+ Kg7 61. Nxd5 h5 62. g5 Kf8 63. f5 gxf5 64. Kf4 h4 65. Ne3 h3 66. Nf1 Kg7 67. Kxf5 Kf8 68. Kg4 Kg7 69. Kf5 Kf8 70. Kf6 Kg8 71. Nh2 Kf8 72. Ng4 Ke8 73. Kg7 Ke7 74. Kh6 Ke6 75. Kh5 Kf5 76. Kh4 h2 77. Nxh2 f6 1/2-1/2